 Dungeon Crawl Stone Soup version 0.31-a0-851-g7ff8af7976 (webtiles) character file.

Game seed: 9920784368814360277

5607 dialectric the Slicer (level 10, 0/64 HPs)
             Began as a Gargoyle Fighter on Oct 5, 2023.
             Slain by a troll (3 damage)
             ... on level 8 of the Dungeon.
             The game lasted 00:13:33 (9316 turns).

dialectric the Slicer (Gargoyle Fighter)            Turns: 9316, Time: 00:13:34

Health: 0/64       AC: 26    Str: 24    XL:     10   Next: 73%
Magic:  10/10      EV: 13    Int:  9    God:
Gold:   489        SH:  0    Dex:  9    Spells: 9/9 levels left

rFire   . . .        a - +0 long sword (spect)
rCold   . . .        (no shield)
rNeg    + . .        v - +0 plate armour
rPois   ∞            L - +2 hat
rElec   +            D - +0 cloak
rCorr   .            A - +0 pair of gloves
SInv    .            (no boots)
Will    +....        x - amulet of magic regeneration Stlth
                     l - +5 ring of evasion
HPRegen 0.30/turn    H - ring of willpower
MPRegen 0.52/turn

%: no passive effects
@: studying Throwing
A: sickness immunity, AC +7, negative energy resistance 1, electricity
resistance, torment resistance 1, petrification resistance
a: no special abilities


You were on level 8 of the Dungeon.
You visited 2 branches of the dungeon, and saw 10 of its levels.
You also visited: Sewer.

You collected 489 gold pieces.

Inventory:

Hand Weapons
 a - a +0 spectral long sword (weapon)
 j - a +3 short sword of venom
Missiles
 G - 5 poisoned darts
Armour
 c - a +0 buckler
 v - a +0 plate armour (worn)
 A - a +0 pair of gloves (worn)
 D - a +0 cloak (worn)
 K - a +0 helmet of see invisible
 L - a +2 hat (worn)
Jewellery
 b - a ring of see invisible
 l - a +5 ring of evasion (left hand)
 x - an amulet of magic regeneration (around neck)
 H - a ring of willpower (right hand)
 J - a +5 ring of evasion
Wands
 d - a wand of roots (31)
 E - a wand of charming (20)
 I - a wand of flame (13)
Scrolls
 e - a scroll of enchant weapon
 f - 3 scrolls of noise
 g - 2 scrolls of poison
 k - a scroll of butterflies
 m - 3 scrolls of identify
 n - a scroll of fear
 o - a scroll of revelation {unknown}
 q - 2 scrolls of blinking {unknown}
 s - a scroll of brand weapon
 y - a scroll of teleportation
 B - 2 scrolls of immolation {unknown}
Potions
 h - 2 potions of cancellation {unknown}
 i - 2 potions of lignification {unknown}
 p - 2 potions of invisibility {unknown}
 r - 2 potions of degeneration {unknown}
 t - 5 potions of curing
 u - 2 potions of attraction {unknown}
 w - 2 potions of mutation {unknown}
 z - 2 potions of haste {unknown}
 C - 2 potions of resistance {unknown}
 F - a potion of might


   Skills:
 - Level 8.0 Fighting
 + Level 10.0(10.2) Short Blades
 + Level 2.7(6.9) Long Blades
 + Level 9.7 Armour
 - Level 2.0 Dodging
 + Level 3.4 Shields
 + Level 0.2 Evocations


You had 9 spell levels left.
You didn't know any spells.
Your spell library contained the following spells:

 Spells                   Type           Power      Damage    Failure   Level
 Lesser Beckoning         Tloc           0%         N/A       100%        2
 Wereblood                Tmut           0%         N/A       100%        2
 Gell's Gravitas          Tloc           0%         N/A       100%        3
 Ignite Poison            Fire/Tmut/Pois 0%         N/A       100%        3
 Teleport Other           Tloc           0%         N/A       100%        3
 Sticky Flame             Conj/Fire      0%         2d3       100%        4
 Irradiate                Conj/Tmut      0%         3d11      100%        5
 Ignition                 Fire           0%         3d3       100%        8


Dungeon Overview and Level Annotations

Branches:
Dungeon (9/15)             Temple (1/1) D:5           Sewer (visited)
   Lair: D:8-11         Orc: D:9-12

Altars:
Ashenzari
Cheibriados
Elyvilon
Gozag
Hepliaklqana
Kikubaaqudgha
Makhleb
Nemelex Xobeh
Okawaru
Qazlal
Ru
Sif Muna
Trog
Vehumet
Wu Jian
Xom
Yredelemnul
Zin
The Shining One

Annotations:
D:6 2 transporters, 1 runed translucent door, pokeman's ghost, novice DEHW


Innate Abilities, Weirdness & Mutations

You are immune to sickness and miasma.
Your stone body is resilient. (AC +7)
You are immune to poison.
You resist negative energy. (rN+)
You are resistant to electric shocks. (rElec)
You are resistant to unholy torment.
You are immune to petrification.


Message History

The troll claws you.
* * * LOW HITPOINT WARNING * * *
The troll closely misses you.
There is a stone staircase leading up here.
There are no items here.
Unknown command.
The troll barely misses you. The troll closely misses you.
The troll barely misses you.
You climb upwards.
There is a stone staircase leading down here.
Unknown command.
Unknown command.
You hit the troll.
The troll is heavily wounded.
Your +0 spectral long sword closely misses the troll.
The troll misses you. The troll barely misses you.
The troll closely misses you.
You hit the troll but do no damage.
The troll is heavily wounded.
Your +0 spectral long sword hits the troll.
The troll misses your +0 spectral long sword.
The troll claws your +0 spectral long sword.
Your spectral weapon shares its damage with you!
* * * LOW HITPOINT WARNING * * *
The troll closely misses your +0 spectral long sword.
You barely miss the troll.
The troll is severely wounded.
Your +0 spectral long sword hits the troll!
The troll bites your +0 spectral long sword!
Your spectral weapon shares its damage with you!
* * * LOW HITPOINT WARNING * * *
The troll completely misses your +0 spectral long sword.
The troll claws your +0 spectral long sword!
Your spectral weapon shares its damage with you!
* * * LOW HITPOINT WARNING * * *
You hit the troll.
The troll is almost dead.
Your +0 spectral long sword barely misses the troll.
The troll bites you.
You die...

#### ###### ##... #....#
##.... #....# #.....
#....#### #..... #.......#
#..... ###.....#.### #.....
#......T@...# #.....
#.#....(#...## #.....
#.##...##....# #.....
#.#..####....## #.....
#...## #.....# #..... #[###
#.#...######..... ### ####.#
#.###.....###.... ..# #....#
###.###..##..###...
#.####.#.######..........#.#
####


You could see a troll and a friendly +0 spectral long sword.

Vanquished Creatures
  Prince Ribbit (D:7)
  11 yaks
  Menkaure (D:7)
  A steam dragon (D:8)
  4 water moccasins
  3 ice beasts
  2 black bears (D:5)
  A centaur (D:8)
  2 phantoms
  3 kobold brigands
  4 bullfrogs
  A gnoll sergeant (D:6)
  4 scorpions
  8 wights
  5 killer bees
  3 hounds
  2 jellies
  2 gnoll boudas
  4 orc priests
  Crazy Yiuf (D:5)
  An iron imp (D:8)
  4 iguanas (D:5)
  Ijyb (D:3)
  4 orc wizards
  15 gnolls
  17 adders
  2 river rats (Sewer)
  3 white imps
  An ufetubus (D:6)
  4 worms
  5 dart slugs
  23 orcs
  5 endoplasms
  4 giant cockroaches
  11 goblins
  4 hobgoblins
  6 jackals
  3 quokkas
  7 ball pythons
  3 bats
  7 frilled lizards
  15 kobolds
  8 rats
216 creatures vanquished.

Notes
Turn   | Place    | Note
-------+----------+-------------------------------------------
     0 | D:1      | dialectric the Gargoyle Fighter began the quest for the
                  | Orb.
     0 | D:1      | Reached XP level 1. HP: 14/14 MP: 1/1
    84 | D:1      | Found a faded altar of an unknown god.
   249 | D:1      | Reached XP level 2. HP: 17/19 MP: 2/2
   717 | D:2      | Reached XP level 3. HP: 23/24 MP: 3/3
   932 | D:2      | Found a shimmering blue altar of Sif Muna.
  1294 | D:2      | Reached XP level 4. HP: 30/30 MP: 4/4
  1806 | D:3      | Noticed Ijyb
  1822 | D:3      | Killed Ijyb
  1835 | D:3      | Reached skill level 1 in Short Blades
  1836 | D:3      | Reached XP level 5. HP: 14/34 MP: 5/5
  2188 | D:3      | Reached skill level 1 in Dodging
  2199 | D:3      | Reached skill level 2 in Short Blades
  2514 | D:3      | Reached XP level 6. HP: 39/39 MP: 6/6
  2835 | D:4      | Reached skill level 5 in Fighting
  2976 | D:4      | Reached skill level 3 in Short Blades
  3219 | D:4      | Reached XP level 7. HP: 44/44 MP: 7/7
  3360 | D:4      | Reached skill level 5 in Armour
  3531 | D:5      | Entered Level 5 of the Dungeon
  3532 | D:5      | Found a staircase to the Ecumenical Temple.
  3668 | D:5      | Reached skill level 4 in Short Blades
  3880 | D:5      | Reached XP level 8. HP: 46/50 MP: 8/8
  3921 | Temple   | Entered the Ecumenical Temple
  3999 | D:5      | Found a bloodstained altar of Trog.
  4028 | D:5      | Reached skill level 5 in Short Blades
  4303 | D:5      | Found a runed translucent door.
  4304 | D:5      | Noticed Crazy Yiuf
  4412 | D:5      | Killed Crazy Yiuf
  4460 | D:6      | Found a transporter.
  4658 | D:6      | Noticed pokeman's ghost (novice DEHW)
  4709 | D:5      | Reached skill level 6 in Short Blades
  4841 | D:6      | Found a glowing drain.
  4850 | Sewer    | Entered a sewer
  4898 | Sewer    | Reached XP level 9. HP: 56/56 MP: 9/9
  5617 | D:6      | Found an iron altar of Okawaru.
  5619 | D:6      | Found a runed translucent door.
  5623 | D:6      | Found the +0 toga "Victory" {*Victory Clar}
  5728 | D:6      | Found a transporter.
  6056 | D:7      | Reached skill level 7 in Short Blades
  6669 | D:6      | Reached skill level 8 in Short Blades
  7239 | D:8      | Reached XP level 10. HP: 60/64 MP: 10/10
  7503 | D:8      | Reached skill level 9 in Short Blades
  7705 | D:8      | Found a snail-covered altar of Cheibriados.
  8422 | D:7      | Noticed Prince Ribbit
  8437 | D:7      | Killed Prince Ribbit
  8670 | D:7      | Noticed Menkaure
  8673 | D:7      | Killed Menkaure
  8961 | D:8      | Reached skill level 10 in Short Blades
  9052 | D:9      | Noticed a two-headed ogre
  9315 | D:8      | HP: 3/64 [troll (6)]
  9316 | D:8      | Slain by a troll

Illustrated notes

Levels and vault maps discovered:
D:1:      heliophobic_arrival_henge, layout_basic,
          chequers_ecumenical_altar_simple, st_stairs_8
D:2:      layout_basic, basic_altar
D:3:      layout_rooms, nrook_campfire, uniq_ijyb
D:4:      layout_loops_ring
D:5:      layout_rooms, mainiacjoe_overflow_paths, minmay_temple_entry_waves,
          uniq_crazy_yiuf_cottage
D:6:      layout_rooms, nicolae_overflow_guarded_unrand_okawaru_victory,
          cheibrodos_sewer_entry_bend, gammafunk_ghost_stat_death
D:7:      layout_rooms, uniq_prince_ribbit1, uniq_menkaure
D:8:      layout_rooms, chei_slow_surprise
D:9:      minmay_chopped_fan, layout_cave_pools,
          minmay_overflow_temple_star_quad, minmay_orc_entry_temple_small,
          grunt_livestock, kennysheep_nondescript, uniq_harold
Temple:   nicolae_temple_bog_church

Skill      XL: |  1  2  3  4  5  6  7  8  9 10 |
---------------+-------------------------------+-----
Long Blades    | 2 |  2.7
Fighting       | 4 5 6 8 |  8.0
Short Blades   | 1 2 3 4 6 8 10 | 10.0
Armour         | 4 5 7 8 9 |  9.7
Dodging        | 1 2 |  2.0
Shields        | |  3.4
Evocations     | |  0.2

Action                     |  1- 3 |  4- 6 |  7- 9 | 10-12 || total
---------------------------+-------+-------+-------+-------++-------
  Melee: Long sword        |    32 |       |       |    58 ||    90
         Short sword       |    68 |   187 |   678 |   327 ||  1260
         Punch             |     1 |     1 |     6 |     5 ||    13
  Evoke: Wand              |       |       |     1 |       ||     1
    Use: Potion            |       |     1 |       |       ||     1
         Scroll            |       |       |     8 |     2 ||    10
   Stab: Distracted        |       |       |       |     1 ||     1
 Armour: Scale mail        |    51 |   105 |   287 |       ||   443
         Plate armour      |       |       |    41 |   247 ||   288
  Dodge: Dodged            |    49 |   127 |   441 |   165 ||   782

Table legend: (Time is in decaauts)
 A = Elapsed time spent in this place.
 B = Non-inter-level travel time spent in this place.
 C = Inter-level travel time spent in this place.
 D = Time resting spent in this place.
 E = Time spent auto-exploring this place.
 F = Levels seen in this place.
 G = Mean time per level.
                   A        B        C        D        E       F      G
               +--------+--------+--------+--------+--------+-----+--------+
         Total |   9073 |   8354 |    719 |   1066 |   5037 |  11 |  824.8 |
       Dungeon |   8324 |   7623 |    701 |   1066 |   4575 |   9 |  924.9 |
        Temple |     68 |     51 |     17 |      0 |      0 |   1 |   68.0 |
         Sewer |    680 |    680 |      0 |      0 |    461 |   1 |  680.0 |
               +--------+--------+--------+--------+--------+-----+--------+

Top non-repeatable levels by time:
     D:5: 1375 daAuts
     D:6: 1184 daAuts
     D:2: 1142 daAuts
     D:7: 1086 daAuts
     D:8: 1043 daAuts
     D:3: 840 daAuts
     D:4: 819 daAuts
     D:1: 715 daAuts
   Sewer: 680 daAuts
     D:9: 117 daAuts
  Temple: 68 daAuts
